 Dungeon Crawl Stone Soup version 0.30-a0-269-gf0224bf7b6 (webtiles) character file.

Game seed: 5118794377286301175

24682 LnG the Imperceptible (level 13, -4/72 HPs)
             Began as a Kobold Summoner on Oct 11, 2022.
             Was an Elder of Dithmenos.
             Killed from afar by Frances (24 damage)
             ... with a shard of ice
             ... on level 13 of the Dungeon on Oct 14, 2022.
             The game lasted 01:33:21 (16146 turns).

LnG the Imperceptible (Kobold Summoner)            Turns: 16146, Time: 01:33:24

Health: -4/72      AC:  4    Str: 10    XL:     13   Next: 44%
Magic:  14/25      EV: 18    Int: 27    God:    Dithmenos [****..]
Gold:   252        SH:  0    Dex: 15    Spells: 16/29 levels left

rFire   + . .      SeeInvis +    d - +5 dagger (venom)
rCold   x . .      Faith    .    (no shield)
rNeg    . . .      Spirit   .    N - +1 robe {Will+}
rPois   .          Reflect  .    w - +2 helmet
rElec   +          Harm     .    (no cloak)
rCorr   .          Rampage  .    S - +0 pair of gloves
Will    +....                    Q - +0 pair of boots Stlth ***+++++++
                                 K - amulet of the acrobat
HPRegen 0.32/turn                n - ring "Teanaoh" {Fire Str+4 SInv}
MPRegen 0.19/turn                c - +6 ring of intelligence

@: about to teleport, corroded, wreathed by umbra
A: small, no large weapons, nightstalker 3, electricity resistance
a: Renounce Religion, Shadow Step


You were on level 13 of the Dungeon.
You worshipped Dithmenos.
Dithmenos was greatly pleased with you.
You visited 2 branches of the dungeon, and saw 14 of its levels.

You collected 793 gold pieces.
You spent 541 gold pieces at shops.

Inventory:

Hand Weapons
 d - a +5 dagger of venom (weapon)
Missiles
 o - a throwing net
Armour
 w - a +2 helmet (worn)
 N - a +1 robe of willpower (worn)
 Q - a +0 pair of boots (worn)
 S - a +0 pair of gloves (worn)
Jewellery
 c - a +6 ring of intelligence (right hand)
 g - a +6 ring of dexterity
 h - a ring of flight
 n - the ring "Teanaoh" (left hand) {Fire Str+4 SInv}
   (You acquired it on level 10 of the Dungeon)

   [ring of fire]

   It enhances your fire magic.
   Str:       It affects your strength (+4).
   rF:        It protects you from fire.
   rC:        It makes you vulnerable to cold.
   SInv:      It lets you see invisible.
 r - a ring of ice
 x - a +4 ring of evasion
 H - a ring of ice
 K - an amulet of the acrobat (around neck)
 P - a ring of protection from cold
Wands
 u - a wand of digging (19)
 v - a wand of flame (17)
 C - a wand of mindburst (16)
 E - a wand of iceblast (9)
 I - a wand of paralysis (4)
 J - a wand of light (8)
Scrolls
 a - a scroll of summoning
 f - 2 scrolls of blinking
 j - 2 scrolls of immolation
 k - 3 scrolls of torment
 y - a scroll of silence
 z - 3 scrolls of noise {unknown}
 B - a scroll of vulnerability
 F - 3 scrolls of magic mapping
 G - 2 scrolls of butterflies {unknown}
 L - a scroll of amnesia
 O - 2 scrolls of teleportation
Potions
 b - a potion of magic
 e - 2 potions of curing
 i - 3 potions of might
 l - 4 potions of mutation
 m - a potion of brilliance
 p - 3 potions of degeneration
 q - 2 potions of haste
 s - 2 potions of invisibility
 t - 2 potions of flight {unknown}
 A - a potion of heal wounds
 D - a potion of ambrosia {unknown}
 M - a potion of cancellation {unknown}
 R - 2 potions of lignification {unknown}


   Skills:
 + Level 5.2 Fighting
 + Level 8.6 Short Blades
 + Level 8.0 Dodging
 * Level 21.0 Stealth
 + Level 8.7 Spellcasting
 + Level 8.8 Summonings
 + Level 2.4 Air Magic


You had 16 spell levels left.
You knew the following spells:

 Your Spells              Type           Power      Damage    Failure   Level
a - Summon Small Mammal   Summ           100%       N/A       1%          1
b - Call Imp              Summ           56%        N/A       1%          2
c - Call Canine Familiar  Summ           56%        N/A       1%          3
d - Summon Guardian Gole  Hex/Summ       35%        N/A       2%          3
e - Summon Lightning Spi  Summ/Air       42%        N/A       4%          4

Your spell library contained the following spells:

 Spells                   Type           Power      Damage    Failure   Level
 Magic Dart               Conj           44%        1d5       4%          1
 Sublimation of Blood     Necr           11%        N/A       8%          2
 Mephitic Cloud           Conj/Pois/Air  16%        N/A       11%         3
 Hailstorm                Conj/Ice       11%        3d5       14%         3
 Ignite Poison            Fire/Tmut/Pois 17%        N/A       14%         3
 Airstrike                Air            12%        2d(2-18)  17%         4
 Flame Wave               Conj/Fire      17%        2d7       43%         4
 Fulminant Prism          Conj/Hex       5%         3d7       43%         4
 Manifold Assault         Tloc           11%        N/A       43%         4
 Petrify                  Tmut/Erth      11%        N/A       43%         4
 Lightning Bolt           Conj/Air       9%         1d21      63%         5
 Irradiate                Conj/Tmut      5%         3d13      80%         5
 Dispersal                Tloc           5%         N/A       100%        6
 Iron Shot                Conj/Erth      5%         9d2       100%        6
 Disjunction              Tloc           5%         N/A       100%        8


Dungeon Overview and Level Annotations

Branches:
Dungeon (13/15)            Temple (1/1) D:5             Orc (0/2) D:10
 Vaults (0/5) D:13
   Lair: D:8-11

Altars:
Ashenzari
Cheibriados
Dithmenos
Elyvilon
Fedhas
Gozag
Hepliaklqana
Kikubaaqudgha
Makhleb
Nemelex Xobeh
Okawaru
Qazlal
Ru
Sif Muna
Trog
Uskayaw
Vehumet
Wu Jian
Xom
Yredelemnul
Zin
The Shining One

Shops:
D:6 ((*((   D:10 ?*=[

Annotations:
D:6 1 runed translucent door
D:13 Frances


Innate Abilities, Weirdness & Mutations

You are small and have problems with some larger weapons.
You are completely attuned to the shadows.
You are resistant to electric shocks. (rElec)


Message History

Frances screams a word of power!
The rust devil hits your lightning spire.
The rust devil corrodes your lightning spire!
You hit Frances but do no damage.
Your wolf barely misses the hell hound.
The hell hound bites your crimson imp.
Frances whispers indecipherable words.
Send 'em back where they came from!
Your wolf shudders.
Your lightning spire disappears in a puff of smoke!
Your crimson imp shudders.
Your crimson imp blinks!
Frances attacks as you move away! Frances closely misses you.
Your wolf closely misses the hell hound.
The hell hound closely misses your crimson imp.
Frances mutters in a terrible tongue.
Send 'em back where they came from!
Your wolf shudders.
Your crimson imp shudders.
The rust devil hits you! The rust devil corrodes you!
The hell knight completely misses you.
Your wolf barely misses the hell hound.
The hell hound barely misses your crimson imp.
Your crimson imp closely misses the hell hound.
Casting: Call Imp (safe; 1% risk of failure)
Confirm with . or Enter, or press ? or * to list all spells.
An electric hum fills the air.
Your wolf bites the hell hound!
The hell knight barely misses you. The rust devil completely misses you.
The hell hound closely misses your crimson imp.
Your wolf bites the hell hound.
Frances misses you.
Frances hits your crimson imp with a +2 vorpal war axe!!
Your crimson imp dies!
Your crimson imp disappears in a puff of smoke!
The hell knight hits you from afar with a +3 vorpal halberd!!
You emit a cloud of dark smoke.
* * * LOW HITPOINT WARNING * * *
Unknown command.
As you read the scroll of teleportation, it crumbles to dust.
You feel strangely unstable.
The hell hound completely misses your wolf.
Your wolf bites the hell hound!
Frances screams a word of power!
The shard of ice hits you!!
You feel a painful chill!
You die...

... .p. ## #.##
..h#.p## .4..phh##
#############4##§4§##
............h4§@@8§.#
#####################
.................##
###############...##
# ##...# # ##.## #
##.# # ##..#
###############..##


You could see Frances (fast), 2 hell knights, a rust devil (ally target), a hell
hound (distracted, ally target), a friendly wolf (summoned) and a friendly
lightning spire (summoned).

Vanquished Creatures
  Jorgrun (D:13)
  A hydra (D:13)
  A centaur warrior (D:13)
  An ogre mage (D:13)
  A boulder beetle (D:13)
  5 two-headed ogres
  A tengu warrior (D:11)
  4 skeletal warriors
  An orb spider (shapeshifter) (D:13)
  2 ugly things
  A manticore (D:13)
  2 cyclopes (D:13)
  Maggie (D:7)
  A komodo dragon (D:11)
  A troll (D:9)
  A hornet (D:9)
  3 slime creatures (D:12)
  A shadow (D:10)
  6 yaks (D:11)
  6 wraiths
  2 vampire mosquitoes
  A basilisk (D:12)
  2 steam dragons
  Menkaure (D:7)
  2 hell hounds (D:13)
  A water moccasin (D:8)
  A sky beast (D:8)
  4 orc warriors
  4 ice beasts
  A black bear (D:6)
  2 ogres
  5 centaurs
  A phantom (D:4)
  2 kobold brigands (D:9)
  A gnoll sergeant (D:6)
  4 bullfrogs
  6 scorpions
  12 wights
  A troll zombie (D:10)
  2 killer bees (D:9)
  2 howler monkeys
  An electric eel (D:9)
  4 hounds
  7 orc priests
  A gnoll bouda (D:8)
  2 iguanas
  7 orc wizards
  7 ogre zombies (D:10)
  6 adders
  3 gnolls (D:6)
  2 river rats (D:8)
  2 white imps
  A worm (D:2)
  2 dart slugs
  24 orcs
  6 ball pythons
  7 endoplasms
  2 giant cockroaches
  9 goblins
  5 hobgoblins
  A jackal (D:3)
  3 bats (D:3)
  A frilled lizard (D:2)
  A goblin skeleton (D:10)
  A goblin zombie (D:10)
  2 hobgoblin skeletons (D:10)
  2 hobgoblin zombies (D:10)
  14 kobolds
  An orc skeleton (D:10)
  10 orc zombies (D:10)
  4 rats
236 creatures vanquished.

Vanquished Creatures (collateral kills)
  A centaur warrior (D:13)
  A two-headed ogre (D:10)
  A tengu warrior (D:13)
  A gargoyle (D:12)
  2 slime creatures (D:12)
  A shadow (D:10)
  A vampire (D:10)
  4 vampire mosquitoes
  A water moccasin (D:5)
  An orc warrior (D:9)
  2 ogres
  A phantom (D:10)
  2 necrophages
  A scorpion (D:5)
  4 wights
  4 killer bees (D:9)
  2 orc priests
  An iguana (D:4)
  3 gnolls (D:3)
  2 adders (D:4)
  A shadow imp (D:5)
  9 orcs
  2 ball pythons (D:4)
  An endoplasm (D:4)
  A goblin (D:4)
  A kobold (D:3)
  2 quokkas
  A goblin zombie (D:10)
  2 hobgoblin zombies (D:10)
  An orc skeleton (D:10)
  4 orc zombies (D:10)
61 creatures vanquished.

Vanquished Creatures (others)
  4 fungi (D:3)
  12 plants
16 creatures vanquished.

Grand Total: 313 creatures vanquished

Notes
Turn   | Place    | Note
-------+----------+-------------------------------------------
     0 | D:1      | LnG the Kobold Summoner began the quest for the Orb.
     0 | D:1      | Reached XP level 1. HP: 10/10 MP: 3/3
   221 | D:1      | Reached XP level 2. HP: 12/15 MP: 1/5
   224 | D:1      | Learned a level 2 spell: Call Imp
   267 | D:1      | Reached skill level 3 in Stealth
   904 | D:2      | Reached XP level 3. HP: 11/19 MP: 6/6
   908 | D:2      | Learned a level 3 spell: Call Canine Familiar
  1245 | D:2      | Reached skill level 4 in Stealth
  1522 | D:3      | Found a faded altar of an unknown god.
  1543 | D:3      | Reached skill level 1 in Short Blades
  1579 | D:3      | Reached XP level 4. HP: 24/24 MP: 7/7
  1641 | D:3      | Reached skill level 5 in Stealth
  1911 | D:3      | Reached XP level 5. HP: 28/28 MP: 8/8
  2038 | D:3      | Found a sparkling altar of Nemelex Xobeh.
  2364 | D:4      | Gained mutation: You are resistant to electric shocks.
                  | (rElec) [potion of mutation]
  2539 | D:4      | Reached skill level 6 in Stealth
  2786 | D:4      | Reached XP level 6. HP: 32/33 MP: 9/9
  2879 | D:4      | Reached skill level 7 in Stealth
  2936 | D:4      | Reached skill level 5 in Summonings
  3130 | D:4      | Reached XP level 7. HP: 37/37 MP: 11/11
  3134 | D:4      | Learned a level 3 spell: Summon Guardian Golem
  3696 | D:4      | Reached skill level 1 in Fighting
  3842 | D:5      | Entered Level 5 of the Dungeon
  3900 | D:5      | Reached skill level 8 in Stealth
  3915 | D:5      | Reached XP level 8. HP: 16/43 MP: 8/12
  4022 | D:5      | Learned a level 4 spell: Summon Lightning Spire
  4041 | D:5      | Reached skill level 9 in Stealth
  4165 | D:5      | Found a glowing golden altar of the Shining One.
  4200 | D:5      | Upgraded the game from 0.30-a0-242-g7bf8e6d787 to
                  | 0.30-a0-250-g41c1d76940
  4473 | D:5      | Found a staircase to the Ecumenical Temple.
  4493 | Temple   | Entered the Ecumenical Temple
  4595 | Temple   | Became a worshipper of Dithmenos the Shadowed
  4977 | D:6      | Upgraded the game from 0.30-a0-250-g41c1d76940 to
                  | 0.30-a0-263-ge22c4ad894
  5055 | D:6      | Found a runed translucent door.
  5346 | D:5      | Reached skill level 5 in Short Blades
  5346 | D:5      | Reached skill level 10 in Stealth
  5346 | D:5      | Reached XP level 9. HP: 44/49 MP: 10/15
  5464 | D:6      | Found Hifo's Antique Weapon Shop.
  5470 | D:6      | Bought a glowing short sword for 162 gold pieces
  5530 | D:6      | Found Huinni's Antique Weapon Shoppe.
  5913 | D:6      | Found a burning altar of Makhleb.
  5916 | D:6      | Found a basalt altar of Yredelemnul.
  5917 | D:6      | Found a glowing silver altar of Zin.
  5918 | D:6      | Found an ornate altar of the Wu Jian Council.
  5921 | D:6      | Found a radiant altar of Vehumet.
  5921 | D:6      | Found a bloodstained altar of Trog.
  5921 | D:6      | Found a hazy altar of Hepliaklqana.
  5940 | D:6      | Reached * piety under Dithmenos
  5941 | D:6      | Reached skill level 11 in Stealth
  5974 | D:6      | Reached skill level 5 in Dodging
  6076 | D:6      | Found Riluagh's Weapon Emporium.
  6163 | D:6      | Reached skill level 5 in Spellcasting
  6237 | D:6      | Found Ukhlyloa's Assorted Antiques.
  6254 | D:6      | Found Hyill's Weapon Emporium.
  6505 | D:7      | Noticed Menkaure
  6509 | D:7      | Killed Menkaure
  6594 | D:7      | Noticed Maggie
  6597 | D:7      | Killed Maggie
  6598 | D:7      | Reached skill level 12 in Stealth
  6598 | D:7      | Reached XP level 10. HP: 56/56 MP: 16/18
  7052 | D:7      | Reached skill level 13 in Stealth
  7566 | D:8      | Noticed a death yak
  7566 | D:8      | Noticed a death yak
  7610 | D:8      | Reached skill level 14 in Stealth
  7892 | D:8      | Noticed a death yak
  8174 | D:9      | Reached skill level 15 in Stealth
  8240 | D:9      | Reached ** piety under Dithmenos
  8867 | D:9      | Upgraded the game from 0.30-a0-263-ge22c4ad894 to
                  | 0.30-a0-269-gf0224bf7b6
  9053 | D:8      | Got the Compilation of Scorched Striking
  9597 | D:9      | Reached XP level 11. HP: 60/60 MP: 19/19
 10268 | D:10     | Entered Level 10 of the Dungeon
 10362 | D:10     | Found Zaffaxer's General Store.
 10369 | D:10     | Bought a potion of haste for 100 gold pieces
 10369 | D:10     | Bought a scroll of identify for 20 gold pieces
 10379 | D:10     | Found a staircase to the Orcish Mines.
 10381 | D:10     | Identified the +3 trident "Vetzelum" {drain, rN+}
 10543 | D:10     | Reached *** piety under Dithmenos
 10601 | D:10     | Reached skill level 16 in Stealth
 11013 | D:10     | Found Tugisuew's Armour Shop.
 11044 | D:10     | Found Heoq Ung's Jewellery Emporium.
 11099 | D:10     | Noticed a skeletal warrior
 11099 | D:10     | Found the +5 scythe "Finisher" {speed, eviscerate}
 11102 | D:10     | Killed a skeletal warrior
 11229 | D:10     | Reached skill level 17 in Stealth
 11497 | D:10     | Found Houw's Magic Scroll Shop.
 11502 | D:10     | Bought a scroll of identify for 28 gold pieces
 11502 | D:10     | Bought a scroll of identify for 28 gold pieces
 11502 | D:10     | Bought a scroll of identify for 28 gold pieces
 11502 | D:10     | Bought a scroll of identify for 28 gold pieces
 11502 | D:10     | Bought a scroll of teleportation for 42 gold pieces
 11502 | D:10     | Bought a scroll of blinking for 105 gold pieces
 11505 | D:10     | Identified a scroll of acquirement
 11509 | D:10     | Acquired the ring "Teanaoh" {Fire Str+4 SInv}
 11582 | D:10     | Noticed a two-headed ogre
 11586 | D:10     | Killed a two-headed ogre
 11587 | D:10     | Reached skill level 1 in Air Magic
 11857 | D:10     | Noticed a two-headed ogre
 11860 | D:10     | Killed a two-headed ogre
 11974 | D:11     | Noticed a tengu warrior
 11979 | D:11     | Killed a tengu warrior
 12006 | D:11     | Noticed a two-headed ogre
 12035 | D:10     | Killed a two-headed ogre
 12036 | D:10     | Reached skill level 18 in Stealth
 12240 | D:10     | Reached XP level 12. HP: 28/66 MP: 7/22
 12589 | D:11     | Reached **** piety under Dithmenos
 13283 | D:12     | Noticed a two-headed ogre
 13465 | D:12     | Killed a two-headed ogre
 13833 | D:12     | Noticed a skeletal warrior
 14254 | D:12     | Noticed a skeletal warrior
 14256 | D:12     | Noticed a skeletal warrior
 14258 | D:12     | Killed a skeletal warrior
 14261 | D:12     | Killed a skeletal warrior
 14262 | D:12     | Reached skill level 19 in Stealth
 14263 | D:12     | Killed a skeletal warrior
 14518 | D:13     | Noticed a two-headed ogre
 14519 | D:13     | Noticed a two-headed ogre
 14521 | D:13     | Found a gate to the Vaults.
 14522 | D:13     | Killed a two-headed ogre
 14524 | D:13     | Killed a two-headed ogre
 14561 | D:13     | Noticed an ogre mage
 14565 | D:13     | Killed an ogre mage
 14637 | D:13     | Noticed a centaur warrior
 14651 | D:13     | Killed a centaur warrior
 14652 | D:13     | Reached XP level 13. HP: 19/72 MP: 20/25
 14847 | D:13     | Noticed a seven-headed hydra
 14852 | D:13     | Killed a seven-headed hydra
 14853 | D:13     | Reached skill level 20 in Stealth
 15167 | D:13     | Noticed a centaur warrior
 15181 | D:13     | Killed a centaur warrior
 15577 | D:13     | Noticed Jorgrun
 15581 | D:13     | Killed Jorgrun
 15582 | D:13     | Reached skill level 5 in Fighting
 16069 | D:13     | Reached skill level 21 in Stealth
 16132 | D:13     | Noticed Frances
 16146 | D:13     | Killed from afar by Frances

Illustrated notes

Levels and vault maps discovered:
D:1:      psy_arrival_spokes, layout_basic
D:2:      wad_crossroads, layout_rooms, corexii_shack, st_stairs_4
D:3:      layout_rooms, general_overflow_altar,
          shapermc_ecumenical_altar_mp_urbaneastern, roderic_lattice_a
D:4:      layout_rooms, chequers_serial_rivers_micro_e, minmay_vboxes
D:5:      layout_basic, mainiacjoe_overflow_tiny_flanked,
          lemuel_temple_firewalk_b, chequers_jeans
D:6:      layout_cave_pools, minitemple, ebering_ghost_reflecting_pool,
          serial_shops, nicolae_inconvenience_store, kennysheep_mini, shop,
          nicolae_take_the_stairs, shop
D:7:      layout_loops_corners, minmay_misc_feat_alley, uniq_maggie,
          uniq_menkaure
D:8:      layout_loops_corners, dpeg_lair_monsters, serial_aquarium,
          aquarium_bridge_straight [aquarium_subvault_bridge,
          aquarium_subvault_window, aquarium_subvault_bridge,
          aquarium_subvault_window], aquarium_bridge_straight
          [aquarium_subvault_bridge, aquarium_subvault_window,
          aquarium_subvault_bridge, aquarium_subvault_window],
          aquarium_window_corridor_2, aquarium_window_corner, aquarium_window_1,
          aquarium_window_1, aquarium_view_2g, aquarium_view_2d,
          aquarium_balcony_1a, minmay_crossroads
D:9:      layout_small_grid, chequers_big_river
D:10:     layout_grid_maze, zombieorc2_lemuel, serial_shops, shop_statue, shop,
          nicolae_shop_crystal, shop_statue, minmay_guarded_unrand_finisher
D:11:     layout_rooms
D:12:     layout_irregular_city
D:13:     mludivico_vault, layout_basic, david_vaults_2, uniq_jorgrun,
          uniq_frances
Temple:   cyrus_circular_temple

Skill      XL: |  1  2  3  4  5  6  7  8  9 10 11 12 13 |
---------------+----------------------------------------+-----
Stealth        | 3 4 5 6 7 8 10 12 15 18 19 21 | 21.0
Short Blades   | 1 2 3 5 6 7 8 |  8.6
Dodging        | 3 4 5 6 7 8 |  8.0
Summonings     | 5 6 7 8 |  8.8
Fighting       | 1 2 3 4 5 |  5.2
Spellcasting   | 3 4 5 6 8 |  8.7
Air Magic      | 1 2 |  2.4

Action                   |  1- 3 |  4- 6 |  7- 9 | 10-12 | 13-15 || total
-------------------------+-------+-------+-------+-------+-------++-------
Melee: Dagger            |    75 |    82 |   193 |   374 |    45 ||   769
       Unarmed           |     5 |       |       |       |       ||     5
       Punch             |       |     1 |     6 |     4 |       ||    11
       Short sword       |       |       |    18 |       |       ||    18
 Cast: Summon Small Mamm |     4 |     3 |       |       |       ||     7
       Call Imp          |     1 |     5 |    11 |    13 |     4 ||    34
       Call Canine Famil |       |     7 |    20 |    28 |     4 ||    59
       Summon Lightning  |       |       |       |    14 |     4 ||    18
  Use: Scroll            |     4 |     4 |     2 |    15 |     2 ||    27
       Potion            |       |     3 |     2 |     1 |       ||     6
 Stab: Sleeping          |    20 |    15 |    21 |    67 |     6 ||   129
       Distracted        |     1 |     2 |     5 |     9 |     3 ||    20
       Invisible         |       |       |       |     2 |       ||     2
Armor: Robe              |     9 |    17 |    19 |    36 |    12 ||    93
Dodge: Dodged            |    38 |    88 |   153 |   287 |    74 ||   640

Table legend: (Time is in decaauts)
 A = Elapsed time spent in this place.
 B = Non-inter-level travel time spent in this place.
 C = Inter-level travel time spent in this place.
 D = Time resting spent in this place.
 E = Time spent auto-exploring this place.
 F = Levels seen in this place.
 G = Mean time per level.
                   A        B        C        D        E       F      G
               +--------+--------+--------+--------+--------+-----+--------+
         Total |  15941 |  15239 |    702 |   3689 |   4985 |  14 | 1138.6 |
       Dungeon |  15830 |  15156 |    674 |   3689 |   4917 |  13 | 1217.7 |
        Temple |    110 |     82 |     28 |      0 |     68 |   1 |  110.0 |
               +--------+--------+--------+--------+--------+-----+--------+

Top non-repeatable levels by time:
    D:10: 1851 daAuts
     D:9: 1659 daAuts
     D:4: 1615 daAuts
    D:12: 1542 daAuts
    D:13: 1446 daAuts
     D:5: 1220 daAuts
     D:7: 1144 daAuts
     D:8: 1007 daAuts
     D:6: 989 daAuts
     D:3: 950 daAuts
    D:11: 943 daAuts
     D:1: 792 daAuts
     D:2: 667 daAuts
  Temple: 110 daAuts
